 Dungeon Crawl Stone Soup version 0.24.0-123-gd5b16e6ec5 (webtiles) character file.

Game seed: 3690832189694276522, levelgen mode: deterministic

1602 Curus the Cleaver (level 8, -8/63 HPs)
             Began as a Minotaur Gladiator on Feb 7, 2020.
             Was a Believer of Okawaru.
             Mangled by an orc warrior
             ... wielding the +4 mace "Spiderbane" {chaos, Str-4 Int+7}
              (16 damage)
             ... on level 6 of the Dungeon.
             The game lasted 00:14:15 (4608 turns).

Curus the Cleaver (Minotaur Gladiator)              Turns: 4608, Time: 00:14:15

Health: -8/63      AC: 11    Str: 19      XL:     8   Next: 62%
Magic:  5/7        EV: 13    Int:  7      God:    Okawaru [**....]
Gold:   254        SH:  3    Dex: 11 (12) Spells: 7/7 levels left

rFire    . . .     SeeInvis .   a - +1 war axe
rCold    . . .     Gourm    .   (no shield)
rNeg     . . .     Faith    .   l - +1 scale mail
rPois    +         Spirit   .   (helmet unavailable)
rElec    .         Reflect  +   (no cloak)
rCorr    .         Harm     .   (no gloves)
MR       .....                  (no boots)
Stlth    +.........             m - +3 amulet of reflection
HPRegen  0.20/turn              q - ring of poison resistance
MPRegen  0.10/turn              u - +3 ring of protection

@: heroism, lightly drained
A: retaliatory headbutt, horns 3, wild magic 1
a: Heroism, Renounce Religion


You were on level 6 of the Dungeon.
You worshipped Okawaru.
Okawaru was pleased with you.
You were very hungry.

You visited 1 branch of the dungeon, and saw 6 of its levels.

You collected 254 gold pieces.

Inventory:

Hand Weapons
 a - a +1 war axe (weapon)
Missiles
 d - 5 throwing nets (quivered)
Armour
 b - a +0 leather armour
 c - a +0 hat
 l - a +1 scale mail (worn)
Jewellery
 k - an uncursed amulet of harm
 m - a +3 amulet of reflection (around neck)
 q - a ring of poison resistance (left hand)
 s - an uncursed amulet of magic regeneration {unknown}
 u - a +3 ring of protection (right hand)
Wands
 h - a wand of enslavement (8)
 o - a wand of flame (13)
Scrolls
 e - a scroll of magic mapping
 g - 8 scrolls of identify
 i - 6 scrolls of remove curse
 n - a scroll of blinking
 r - a scroll of holy word
Potions
 j - 3 potions of curing
 p - a potion of flight
 v - 2 potions of heal wounds
Comestibles
 f - 13 rations


   Skills:
 - Level 3.1(7.8) Fighting
 + Level 12.9(17.6) Axes
 - Level 2.0(6.7) Throwing
 - Level 3.2(8.0) Dodging


You had 7 spell levels left.
You didn't know any spells.
Your spell library contained the following spells:

 Spells                   Type           Power        Failure   Level  Hunger
 Confusing Touch          Hex            #.....       85%         1    ##.....
 Corona                   Hex            #......      85%         1    ##.....
 Ensorcelled Hibernation  Hex/Ice        #.....       93%         2    ###....
 Confuse                  Hex            #.......     99%         3    ####...
 Dazzling Spray           Conj/Hex       #.....       99%         3    ####...
 Gell's Gravitas          Tloc           #.........   99%         3    ####...
 Tukima's Dance           Hex            #.......     99%         3    ####...
 Petrify                  Tmut/Erth      #.......     100%        4    #####..
 Metabolic Englaciation   Hex/Ice        #.........   100%        5    ######.
 Yara's Violent Unravell  Hex/Tmut       #.........   100%        5    ######.


Dungeon Overview and Level Annotations

Branches:
Dungeon (6/15)             Temple (0/1) D:5

Altars:
Okawaru
Ru
Sif Muna
Wu Jian
Xom
Beogh

Shops:
D:5 ([(*!

Annotations:
D:6 dasteron's ghost, novice DsCK


Innate Abilities, Weirdness & Mutations

You reflexively headbutt those who attack you in melee.
You have a pair of large horns on your head.
Your spells are a little harder to cast, but a little more powerful.


Message History

The orc warrior hits you with the +4 mace "Spiderbane" {chaos, Str-4 Int+7}.
The orc warrior freezes you.
You hit the orc warrior but do no damage.
Your headbutt misses the orc warrior.
The orc warrior hits you from afar with a +0 halberd!
You slash the orc warrior!
The orc warrior is heavily wounded.
The orc warrior hits you with the +4 mace "Spiderbane" {chaos, Str-4 Int+7}!
You block the orc warrior's attack.
Press: ? - help, v - describe, . - travel
Here: dasteron's ghost (fire blocked by a translucent stone wall)
The floor.
Unknown command.
Unknown command.
You gain the combat prowess of a mighty hero.
The orc priest invokes the aid of Beogh against you.
Beogh smites you!
* * * LOW HITPOINT WARNING * * *
The orc warrior hits you with the +4 mace "Spiderbane" {chaos, Str-4 Int+7}!
You die...

.......###...[..#.#.....(...(.)..
....##............#...####(..####
#.................#...# #...#
...#######........#...# #...####
#...........####8####### #.......
#..######.#.# #.#.....8 #.......
..........#.####.#..##..##.......
..........#......#o.#8..#........
###.......######@#W.##..#........
##.#.......# #o#.#....#........
#.#..####.###ooo#....##.......
####....#.......ooo#.8._ #.......
...........#.###.'.#...[##.......
####..#.###......#.#....#........
..##.............#..##..#....).##
#.###.#.....####.#..#8..#......#
#.# #.####.......#..##..#......#


You could see 3 orc warriors, an orc priest, dasteron's ghost and 4 orcs.

Vanquished Creatures
  Duvessa (D:4)
  2 ice beasts (D:6)
  An ogre (D:6)
  2 phantoms
  A centaur (D:6)
  Dowan (D:4)
  A water moccasin zombie (D:6)
  2 howler monkeys (D:4)
  A bullfrog skeleton (D:6)
  3 orc priests
  A hound (D:5)
  5 orc wizards (D:6)
  2 centaur skeletons (D:4)
  4 iguanas
  5 worker ants
  A hound zombie (D:6)
  4 gnolls (D:6)
  7 adders
  2 shadow imps (D:6)
  An adder skeleton (D:4)
  3 worms
  5 dart slugs
  4 leopard geckos
  10 orcs
  4 bats
  5 giant cockroaches
  8 goblins
  5 hobgoblins
  3 jackals (D:5)
  A quokka (D:4)
  A ball python (D:4)
  5 frilled lizards
  2 jackal skeletons
  5 kobolds
  A leopard gecko skeleton (D:5)
  A leopard gecko zombie (D:5)
  4 rats
114 creatures vanquished.

Vanquished Creatures (others)
  An orc warrior (D:6)
  2 ogres (D:6)
  A worker ant (D:6)
  An orc (D:6)
  A quokka (D:6)
6 creatures vanquished.

Grand Total: 120 creatures vanquished

Notes
Turn   | Place    | Note
-------+----------+-------------------------------------------
     0 | D:1      | Curus the Minotaur Gladiator began the quest for the Orb.
     0 | D:1      | Reached XP level 1. HP: 18/18 MP: 0/0
    72 | D:1      | Reached skill level 4 in Axes
    75 | D:1      | Reached XP level 2. HP: 15/26 MP: 1/1
   511 | D:1      | Gained mutation: You have supernaturally acute eyesight.
                  | (SInv) [potion of mutation]
   511 | D:1      | Gained mutation: Armour fits poorly on your strangely
                  | shaped body. [potion of mutation]
   511 | D:1      | Gained mutation: You are partially covered in large bone
                  | plates. (SH +4) [potion of mutation]
   561 | D:2      | Reached XP level 3. HP: 9/31 MP: 2/2
   982 | D:2      | Reached skill level 5 in Axes
  1382 | D:3      | Reached XP level 4. HP: 35/38 MP: 3/3
  1872 | D:3      | Lost mutation: Armour fits poorly on your strangely shaped
                  | body. [potion of mutation]
  1872 | D:3      | Lost mutation: You are partially covered in large bone
                  | plates. (SH +4) [potion of mutation]
  1872 | D:3      | Lost mutation: You have supernaturally acute eyesight.
                  | (SInv) [potion of mutation]
  1872 | D:3      | Gained mutation: You have a pair of large horns on your
                  | head. [potion of mutation]
  1872 | D:3      | Gained mutation: Your spells are a little harder to cast,
                  | but a little more powerful. [potion of mutation]
  1878 | D:4      | Found an iron altar of Okawaru.
  1880 | D:4      | Reached skill level 6 in Axes
  1901 | D:4      | Reached XP level 5. HP: 31/45 MP: 4/4
  1914 | D:4      | Became a worshipper of Warmaster Okawaru
  1971 | D:4      | Reached skill level 7 in Axes
  1990 | D:4      | Found a sacrificial altar of Ru.
  1990 | D:4      | Found an ornate altar of the Wu Jian Council.
  2009 | D:4      | Noticed a phantom
  2016 | D:4      | Killed a phantom
  2016 | D:4      | Reached skill level 8 in Axes
  2016 | D:4      | Reached XP level 6. HP: 47/51 MP: 5/5
  2038 | D:4      | Reached * piety under Okawaru
  2116 | D:4      | Found a shimmering blue altar of Sif Muna.
  2120 | D:4      | Noticed Duvessa
  2126 | D:4      | Noticed Dowan
  2127 | D:4      | Killed Duvessa
  2127 | D:4      | Reached skill level 9 in Axes
  2127 | D:4      | Reached XP level 7. HP: 23/57 MP: 6/6
  2128 | D:4      | HP: 2/57 [Dowan/puff of flame (4)]
  2132 | D:4      | Killed Dowan
  2451 | D:4      | Reached skill level 10 in Axes
  2625 | D:5      | Entered Level 5 of the Dungeon
  2652 | D:5      | Found a shimmering altar of Xom.
  2718 | D:5      | Found a staircase to the Ecumenical Temple.
  2776 | D:5      | Found Kotoen's Antique Weapon Emporium.
  2792 | D:5      | Found Tatastu's Weapon Boutique.
  2803 | D:5      | Found Alyfid's Armour Shop.
  2857 | D:5      | Found Uzutt's Distillery.
  2944 | D:5      | Found Noucean's Assorted Antiques.
  2952 | D:5      | Found an iron altar of Okawaru.
  3427 | D:6      | Found a runed translucent gate.
  3427 | D:6      | Found a runed translucent gate.
  3431 | D:6      | Found a runed translucent gate.
  3471 | D:6      | Reached skill level 11 in Axes
  3792 | D:6      | Reached XP level 8. HP: 62/63 MP: 7/7
  3912 | D:6      | Found a shimmering altar of Xom.
  3995 | D:6      | Reached ** piety under Okawaru
  3995 | D:6      | Reached skill level 12 in Axes
  4273 | D:6      | Identified the +4 mace "Spiderbane" {chaos, Str-4 Int+7}
  4273 | D:6      | Identified the +10 plate armour of Lies {MR++ Int-4}
  4273 | D:6      | Noticed dasteron's ghost (novice DsCK)
  4399 | D:6      | Found a roughly hewn altar of Beogh.
  4608 | D:6      | Mangled by an orc warrior

Levels and vault maps discovered:
D:1:      mushboom_english_gardens, layout_basic
D:2:      layout_rooms
D:3:      layout_basic
D:4:      layout_loops_ring, lemuel_doored_altar,
          gammafunk_temple_overflow_wave, nicolae_overflow_crystal_walls,
          first_ration, minmay_large_rounded_square, uniq_duvessa
D:5:      layout_loops_ring, minmay_temple_entry_junction_2, serial_shops,
          nicolae_shop_statue_plus, nicolae_shop_stone, nicolae_shop_trees,
          nicolae_shop_window_shopping, nicolae_shop_behind_doors, basic_altar,
          okawaru_ov_weapons_minmay
D:6:      layout_basic, xom_confusion_cloud, biasface_ghost_orc_armoury,
          minivault_10, minmay_a_box_with_orc_wizards_in_it

Skill      XL: |  1  2  3  4  5  6  7  8 |
---------------+-------------------------+-----
Axes           | 4 5 6 8 9 11 12 | 12.9
Fighting       | 3 |  3.1
Throwing       | |  2.0
Dodging        | |  3.2

Action                   |  1- 3 |  4- 6 |  7- 9 || total
-------------------------+-------+-------+-------++-------
Melee: War axe           |    78 |    49 |   175 ||   302
       Headbutt          |    10 |    12 |    37 ||    59
Invok: Heroism           |       |       |     2 ||     2
Evoke: Wand              |       |       |     1 ||     1
  Use: Scroll            |     4 |       |     5 ||     9
       Potion            |     5 |     2 |     3 ||    10
  Eat: Chunk             |     1 |     3 |     3 ||     7
       Ration            |       |       |     1 ||     1
Armor: Leather armour    |     8 |       |       ||     8
       Scale mail        |       |    11 |    43 ||    54
Dodge: Dodged            |    41 |    21 |    69 ||   131
Block: Other             |    10 |     1 |    13 ||    24
